 Dungeon Crawl Stone Soup version 0.29.1-14-g9c671dbff4 (webtiles) character file.

Game seed: 16376051487040812044

15 baal32 the Trooper (level 2, -7/24 HPs)
             Began as a Demonspawn Abyssal Knight on Feb 15, 2023.
             Was a Believer of Lugonu.
             Mangled by Grinder (10 damage)
             ... on level 3 of the Dungeon.
             The game lasted 00:08:34 (615 turns).

baal32 the Trooper (Demonspawn Abyssal Knight)       Turns: 615, Time: 00:08:35

Health: -7/24      AC:  3    Str: 13    XL:     2   Next: 34%
Magic:  3/3        EV: 11    Int: 11    God:    Lugonu [**....]
Gold:   28         SH:  0    Dex: 13    Spells: 0/1 levels left

rFire   . . .      SeeInvis .   h - +2 hand axe (vorpal)
rCold   . . .      Faith    .   (no shield)
rNeg    . . .      Spirit   .   b - +0 leather armour
rPois   .          Reflect  .   (no helmet)
rElec   .          Harm     .   (no cloak)
rCorr   .          Rampage  .   (no gloves)
Will    .....                   (no boots)
Stlth   +.........              (no amulet)
HPRegen 0.08/turn               (no ring)
MPRegen 0.16/turn               (no ring)

@: no status effects
A: magic regeneration
a: Renounce Religion, Depart the Abyss, Bend Space


You were on level 3 of the Dungeon.
You worshipped Lugonu.
Lugonu was pleased with you.
You visited 1 branch of the dungeon, and saw 3 of its levels.
You visited the Abyss 1 time.

You collected 28 gold pieces.

Inventory:

Hand Weapons
 a - a +1 spear
 e - a +0 dagger
 h - a +2 vorpal hand axe (weapon)
Armour
 b - a +0 leather armour (worn)
 d - a +0 leather armour
Scrolls
 g - a scroll of teleportation {unknown}
Potions
 c - a potion of degeneration {unknown}
 f - a potion of curing {unknown}


   Skills:
 + Level 3.5 Fighting
 + Level 2.0 Polearms
 + Level 2.0 Armour
 + Level 0.8 Dodging
 + Level 2.4 Invocations


You couldn't memorise any spells.
You knew the following spells:

 Your Spells              Type           Power      Damage    Failure   Level
a - Shock                 Conj/Air       0%         1d3       41%         1

Your spell library contained the following spells:

 Spells                   Type           Power      Damage    Failure   Level
 Gell's Gravitas          Tloc           0%         N/A       80%         3
 Swiftness                Air            0%         N/A       80%         3
 Teleport Other           Tloc           0%         N/A       80%         3
 Airstrike                Air            0%         2d(0-16)  99%         4
 Dispersal                Tloc           0%         N/A       100%        6


Dungeon Overview and Level Annotations

Branches:
Dungeon (3/15)

Altars:

Annotations:
D:3 Grinder


Innate Abilities, Weirdness & Mutations

You regenerate magic rapidly.


Message History

Really walk into that dispersal trap?
Okay, then.
You now have 28 gold pieces (gained 9).
There is a stone staircase leading down here.
You climb downwards.
Grinder shouts!
The hobgoblin shouts!
The endoplasm quivers.
Found a runed hand axe.
There is a stone staircase leading up here.
You don't know any spells.
Memorise Shock, consuming 1 spell level and leaving 0?
You start memorising the spell.
You continue memorising.
Grinder drinks a potion.
Grinder seems to grow stronger.
You finish memorising.
Spell assigned to 'a'.
You see here a +2 vorpal hand axe.
h - a +2 vorpal hand axe (weapon)
Grinder misses you. The hobgoblin barely misses you.
There is a stone staircase leading up here.
You barely miss the rat. You closely miss Grinder.
You hit the hobgoblin but do no damage. The rat barely misses you.
Grinder zaps a wand.
The bolt of dispelling energy misses you.
The hobgoblin hits you.
You barely miss the rat. You hit Grinder. You barely miss the hobgoblin.
The rat bites you but does no damage.
Grinder zaps a wand.
The bolt of dispelling energy misses you.
The hobgoblin barely misses you.
You closely miss the rat. You hit the hobgoblin. You hit the endoplasm.
You hit Grinder but do no damage. Grinder completely misses you.
The rat closely misses you.
The hobgoblin hits you but does no damage.
The endoplasm hits you.
Grinder zaps a wand.
The bolt of dispelling energy hits you! The endoplasm completely misses you.
The rat barely misses you. The hobgoblin closely misses you.
The hobgoblin hits you. The endoplasm freezes you.
You are frozen.
* * * LOW HITPOINT WARNING * * *
The rat bites you but does no damage. Grinder hits you!
You die...

##.## ....
#.#.## #....#
#..... #...#
#...# #..r#
#..@#
......5gJ......
...............
...............
####.....##....
#.###.# ###. #.
.# .. ..


You could see Grinder (strong), an endoplasm, a hobgoblin and a rat.

Vanquished Creatures
  3 bats (D:1)
  A giant cockroach (D:1)
  A goblin (D:1)
  2 kobolds (D:1)
  3 quokkas (D:1)
  A ball python (D:1)
  3 frilled lizards (D:1)
14 creatures vanquished.

Notes
Turn   | Place    | Note
-------+----------+-------------------------------------------
     0 | Abyss:1  | baal32 the Demonspawn Abyssal Knight began the quest for
                  | the Orb.
     0 | Abyss:1  | Reached XP level 1. HP: 18/18 MP: 2/2
    72 | D:1      | Escaped the Abyss
   166 | D:1      | Gained mutation: You regenerate magic rapidly. [demonic
                  | ancestry]
   166 | D:1      | Reached XP level 2. HP: 11/24 MP: 3/3
   606 | D:3      | Noticed Grinder
   609 | D:3      | Learned a level 1 spell: Shock
   615 | D:3      | Mangled by Grinder

Illustrated notes

Levels and vault maps discovered:
D:1:      minmay_arrival_semitransparent, layout_basic, basic_ecumenical_altar
D:2:      layout_loops_ring
D:3:      layout_loops_cross, serial_bayou_pond_e, uniq_grinder

Skill      XL: |  1  2 |
---------------+-------+-----
Armour         | 2 |  2.0
Polearms       | 2 |  2.0
Fighting       | |  3.5
Dodging        | |  0.8
Invocations    | |  2.4

Action                   || total
-------------------------++-------
Melee: Spear             ||    51
       Hand axe          ||     3
Armor: Leather armour    ||    15
Dodge: Dodged            ||    45
